 Dungeon Crawl Stone Soup version 0.17.1-1-g73c8601 (webtiles) character file.

35 Nyvrem the Grave Robber (level 3, 0/19 HPs)
             Began as a Deep Elf Necromancer on Dec 28, 2015.
             Slain by an orc
             ... wielding a +0 dagger
              (1 damage)
             ... on level 4 of the Dungeon.
             The game lasted 00:04:18 (1531 turns).

Nyvrem the Grave Robber (Deep Elf Necromancer)      Turns: 1531, Time: 00:04:19

Health: 0/19       AC:  2    Str:  5    XL:     3   Next: 16%
Magic:  10/10      EV: 13    Int: 20    God:
Gold:   76         SH:  0    Dex: 15    Spells: 2 memorised, 7 levels left

rFire  . . .     SeeInvis .     f - +0 dagger
rCold  . . .     Clarity  .     a - +0 robe
rNeg   . . .     SustAt   .     (no shield)
rPois  +         Gourm    .     (no helmet)
rElec  .         Spirit   .     (no cloak)
rCorr  .         Warding  .     (no gloves)
rMut   .         Stasis   .     (no boots)
MR     .....                    (no amulet)
Stlth  ++........               (no ring)
                                l - ring of poison resistance

@: about to teleport, slowed, very slow, not resistant to hostile enchantments,
unstealthy
A: no striking features
a: no special abilities


You were on level 4 of the Dungeon.
You were hungry.

You visited 1 branch of the dungeon, and saw 3 of its levels.

You collected 76 gold pieces.

Inventory:

Hand Weapons
 f - a +0 dagger (weapon)
Armour
 a - a +0 robe (worn)
Jewellery
 l - a ring of poison resistance (left hand)
Scrolls
 d - 2 scrolls of enchant weapon {unknown}
 e - 2 scrolls of remove curse {unknown}
 i - 2 scrolls of teleportation
 k - 2 scrolls of identify
 o - 2 scrolls of magic mapping {unknown}
 p - a scroll of amnesia {unknown}
 r - a scroll of random uselessness {unknown}
Potions
 j - 2 potions of heal wounds {unknown}
 m - 3 potions of flight {unknown}
 q - a potion of haste {unknown}
 s - a potion of poison {unknown}
Books
 b - a book of Necromancy

   Spells                             Type                      Level
   a - Pain                           Necromancy                   1
   b - Animate Skeleton               Necromancy                   1
   c - Vampiric Draining              Necromancy                   3
   d - Regeneration                   Charms/Necromancy            3
   e - Animate Dead                   Necromancy                   4
   f - Control Undead                 Necromancy                   4
Comestibles
 c - 2 bread rations
 g - a slice of pizza
 h - 3 meat rations
 n - 2 beef jerkies


   Skills:
 + Level 2.6 Dodging
 + Level 2.6 Stealth
 + Level 3.8 Spellcasting
 + Level 5.5 Necromancy


You had 7 spell levels left.
You knew the following spells:

 Your Spells              Type           Power        Failure   Level  Hunger
a - Pain                  Necr           ####         1%          1    None
b - Animate Skeleton      Necr           N/A          1%          1    None


Dungeon Overview and Level Annotations

Branches:
Dungeon (4/15)
 Temple: D:4-7

Altars:

Annotations:
D:4 Eustachio


Message History

The orc hits you with a hand axe.
* * * LOW HITPOINT WARNING * * *
The orc wizard hits you but does no damage.
The hound closely misses you. The orc hits you with a hand axe.
* * * LOW HITPOINT WARNING * * *
As you read the scroll labeled XYPPA FAHOH, it crumbles to dust.
It is a scroll of identify.
Identify which item? (\ to view known items) (? for menu, Esc to quit)
i - 3 scrolls of teleportation The hound completely misses you.
The orc hits you but does no damage. The hound closely misses you.
The rat barely misses you. The orc barely misses you. x2
The orc wizard casts a spell.
The orc wizard blinks!
The hound barely misses you.
As you read the scroll of teleportation, it crumbles to dust.
You feel strangely unstable. The hound bites you.
* * * LOW HITPOINT WARNING * * *
The rat bites you but does no damage. The orc completely misses you.
The orc barely misses you. The orc hits you with a dagger.
You die...

# ###########+#### .
#........#...... ..
#.....o..#o..... ...
#.......W'...... #...
##..##..###...##
#....#####.(##@.# #...##
#..[...oro............#.
#..$.(o@oW..o........(#.
#......§h........?....#.
#########...##.####.####
#...#### #.# # ...... .
....... .. ........ ...
....... #..


You could see Eustachio, a phantom, a hound, 2 orc wizards, 4 orcs and a rat.

Vanquished Creatures
  A worm (D:2)
  3 giant geckos
  5 goblins
  3 hobgoblins
  A quokka (D:2)
  4 bats
  A giant newt (D:1)
  5 kobolds
  5 rats
28 creatures vanquished.

Notes
Turn   | Place    | Note
--------------------------------------------------------------
     0 | D:1      | Nyvrem the Deep Elf Necromancer began the quest for the Orb.
     0 | D:1      | Reached XP level 1. HP: 10/10 MP: 6/6
     2 | D:1      | Learned a level 1 spell: Animate Skeleton
    50 | D:1      | Reached skill level 5 in Necromancy
   359 | D:1      | Reached XP level 2. HP: 15/15 MP: 6/8
  1217 | D:2      | Reached XP level 3. HP: 12/19 MP: 3/10
  1488 | D:2      | You fall through a shaft for 2 floors!
  1508 | D:4      | Noticed a phantom
  1520 | D:4      | Noticed Eustachio
  1531 | D:4      | Slain by an orc

Action                   || total
-------------------------++-------
Melee: Dagger            ||     3
 Cast: Pain              ||    48
       Animate Skeleton  ||     2
  Use: Scroll            ||     2
  Eat: Chunk             ||     1
